AoeStats
← Redson

Arabia

510201586Analyzed
4v4 RM · 3d ago on Sep 29, 2026· 44m 32s· 8 players
Game mode
Random Map
Map size
Large (8 player)
Population
200
Speed
Normal
Resources
Standard
Victory
Conquest
Starting age
Dark Age
Ending age
Imperial Age
RankedLock teamsTeams togetherTeam positionsShared explorationLock speedFull tech treeHidden civsTurbo modeCheats
Victory
Defeat
🇺🇾 Lithuanians · Uruguay
1052
+11
🇺🇾 Maya · Uruguay
1026
+12
🇺🇾 Persians · Uruguay
933
+15
🇺🇾 Mongols · Uruguay
891
+16
🇨🇴 Vietnamese · Colombia
953
-15
🇨🇴 Burgundians · Colombia
941
-14
🇨🇴 Ethiopians · Colombia
901
-13
🇨🇴 Mongols · Colombia
893
-12
Valterito
7:12 Loom
12:49 Feudal Age
13:25 Double-Bit Axe
18:05 Castle Age
16:33 Horse Collar
18:24 Crossbowman
20:07 Wheelbarrow
20:44 Bow Saw
21:02 Fletching
23:07 Gold Mining
24:06 Ballistics
23:48 Padded Archer Armor
25:48 Bodkin Arrow
34:05 Squires
41:14 Scale Mail Armor
44:37 Chain Mail Armor
juanthestone
0:28 Loom
11:17 Feudal Age
10:02 Double-Bit Axe
22:07 Castle Age
21:05 Scale Barding Armor
22:55 Husbandry
26:15 Forging
27:01 Wheelbarrow
27:15 Cavalier
28:47 Hand Cart
30:43 Treadmill Crane
32:09 Iron Casting
33:28 Chain Barding Armor
34:01 Fortified Wall
34:59 Pikeman
35:40 Squires
39:43 Imperial Age
38:14 Bow Saw
39:24 Arson
40:17 Scale Mail Armor
41:41 Conscription
41:06 Halberdier
VodkAlejo
6:39 Loom
8:55 Feudal Age
10:01 Double-Bit Axe
17:45 Fletching
21:56 Bloodlines
21:41 Gold Mining
24:18 Castle Age
23:33 Scale Barding Armor
27:03 Chain Barding Armor
31:07 Forging
32:06 Husbandry
41:32 Bodkin Arrow
Redson
4:06 Loom
12:04 Feudal Age
20:04 Castle Age
18:50 Fletching
19:24 Padded Archer Armor
20:37 Crossbowman
22:11 Double-Bit Axe
24:59 Bodkin Arrow
25:19 Leather Archer Armor
27:30 Thumb Ring
39:21 Town Watch
40:28 Fortified Wall
43:48 Imperial Age
42:18 Murder Holes
Q13
0:26 Loom
9:03 Feudal Age
14:37 Double-Bit Axe
22:02 Castle Age
19:58 Horse Collar
20:49 Stone Mining
20:51 Gold Mining
21:58 Bloodlines
21:56 Scale Barding Armor
23:09 Husbandry
26:07 Bow Saw
29:44 Wheelbarrow
30:01 Forging
30:11 Chain Barding Armor
33:08 Hand Cart
33:40 Heavy Plow
34:22 Stone Shaft Mining
34:22 Gold Shaft Mining
37:40 Imperial Age
35:19 Kamandaran
36:19 Ballistics
37:19 Iron Casting
37:04 Chain Barding Armor
37:04 Crossbowman
37:50 Thumb Ring
37:50 Cavalier
39:12 Savar
41:23 Two-Man Saw
41:39 Conscription
43:27 Blast Furnace
44:25 Plate Barding Armor
44:56 Chemistry
Ragnarok
0:29 Loom
9:35 Feudal Age
10:35 Double-Bit Axe
13:10 Fletching
15:25 Horse Collar
18:47 Wheelbarrow
22:53 Castle Age
21:55 Gold Mining
23:17 Padded Archer Armor
22:57 Crossbowman
23:42 Thumb Ring
23:52 Bodkin Arrow
25:06 Hand Cart
25:28 Bow Saw
27:19 Ballistics
34:24 Elite Skirmisher
38:57 Imperial Age
37:27 Leather Archer Armor
38:37 Pikeman
39:17 Squires
40:04 Bracer
41:07 Chemistry
39:45 Arbalester
42:46 Conscription
42:28 Elite Plumed Archer
el_sego
4:20 Loom
10:59 Feudal Age
18:15 Castle Age
16:20 Double-Bit Axe
17:06 Gold Mining
18:41 Horse Collar
19:08 Husbandry
22:13 Bow Saw
26:20 Bloodlines
28:29 Forging
30:15 Scale Barding Armor
35:30 Imperial Age
33:39 Wheelbarrow
34:45 Heavy Plow
35:27 Hand Cart
35:46 Elite Steppe Lancer
40:30 Iron Casting
40:16 Chain Barding Armor
42:53 Blast Furnace
MrJohn
6:08 Loom
8:57 Feudal Age
9:42 Double-Bit Axe
9:38 Horse Collar
19:13 Castle Age
17:58 Forging
18:29 Bloodlines
19:06 Scale Barding Armor
18:54 Gold Mining
21:02 Iron Casting
22:37 Wheelbarrow
24:42 Chain Barding Armor
28:12 Hand Cart
33:30 Imperial Age
31:25 Town Watch
31:44 Husbandry
33:31 Cavalier
36:11 Plate Barding Armor
37:00 Paladin
41:18 Conscription
Connection lost

Rejoining the realm…

Still unreachable

The connection could not be restored.

Session expired

The server has moved on; the page needs a fresh start.